 Dungeon Crawl Stone Soup version 0.28-a0-983-g1de4e0787c (webtiles) character file.

Game seed: 7078482776116102149

73 Htamos the Conjurer (level 4, 0/48 HPs)
             Began as a Human Conjurer on Dec 3, 2021.
             Was a High Priest of Ignis.
             Slain by Ijyb (1 damage)
             ... on level 3 of the Dungeon.
             The game lasted 00:04:31 (3602 turns).

Htamos the Conjurer (Human Conjurer)                Turns: 3602, Time: 00:04:32

Health: 0/48       AC:  6    Str:  9    XL:     4   Next: 51%
Magic:  7/7        EV:  8    Int: 19    God:    Ignis [*****.]
Gold:   119        SH:  0    Dex: 11    Spells: 3/8 levels left

rFire   + . .      SeeInvis .   h - +0 whip
rCold   . . .      Faith    .   (no shield)
rNeg    . . .      Spirit   .   p - +0 scale mail
rPois   .          Reflect  .   (no helmet)
rElec   .          Harm     .   (no cloak)
rCorr   .          Rampage  .   (no gloves)
Will    .....                   (no boots)
Stlth   ..........              (no amulet)
HPRegen 0.16/turn               (no ring)
MPRegen 0.10/turn               (no ring)

@: berserking (expiring), very quick
A: no striking features
a: Renounce Religion, Fiery Armour, Foxfire Swarm, Rising Flame


You were on level 3 of the Dungeon.
You worshipped Ignis.
Ignis was extremely pleased with you.
You visited 1 branch of the dungeon, and saw 3 of its levels.

You collected 119 gold pieces.

Inventory:

Hand Weapons
 b - a +0 hand axe
 f - a +0 short sword
 h - a +0 whip (weapon)
Missiles
 i - 62 stones
 o - 4 javelins
Armour
 a - a +0 robe
 p - a +0 scale mail (worn)
Magical Staves
 l - a staff of fire
Jewellery
 c - an amulet of reflection
 d - a ring of see invisible
 k - a ring of protection from cold
 r - an amulet of regeneration
Scrolls
 j - a scroll of identify {@rr}
 t - a scroll of teleportation {unknown}
Potions
 g - 2 potions of mutation {unknown}
 m - 2 potions of curing {unknown}
 n - a potion of flight {unknown}
 q - a potion of haste {unknown}
 s - a potion of invisibility {unknown}


   Skills:
 * Level 1.5 Fighting
 + Level 2.6 Dodging
 - Level 2.3 Stealth
 + Level 2.5 Spellcasting
 + Level 4.4 Conjurations


You had 3 spell levels left.
You knew the following spells:

 Your Spells              Type           Power      Damage    Failure   Level
a - Magic Dart            Conj           76%        1d6       22%         1
b - Fulminant Prism       Conj/Hex       5%         3d7       99%         4

Your spell library contained the following spells:

 Spells                   Type           Power      Damage    Failure   Level
 Searing Ray              Conj           38%        2d5       34%         2
 Dazzling Flash           Conj/Hex       20%        N/A       86%         3
 Iskenderun's Mystic Bla  Conj/Tloc      10%        2d4       99%         4


Dungeon Overview and Level Annotations

Branches:
Dungeon (3/15)

Altars:
Ashenzari
Ignis

Shops:
D:2 [

Annotations:
D:3 Ijyb


Message History

Found a stone staircase leading up.
You see here a +0 dagger.
You see here a +0 dagger.
There is an open door here.
There is an open door here.
There is an open door here.
You open the door.
There is an open door here.
Ijyb the Twisted Goblin comes into view.
She is wielding a +0 dagger, wearing a +0 ring mail of poison resistance and carrying a wand of iceblast (11).
Ijyb shouts!
Ijyb zaps a wand.
The mass of ice explodes!
The iceblast engulfs you!
You aren't carrying any items that you can evoke.
Unknown command.
As you read the scroll labelled DOEFARPH VATEUSM, it crumbles to dust.
It is a scroll of identify.
e - a potion of berserk rage Ijyb zaps a wand.
The mass of ice explodes!
The iceblast engulfs you.
A red film seems to cover your vision as you go berserk!
You feel yourself moving faster!
You feel mighty!
Ijyb zaps a wand.
The mass of ice explodes!
The iceblast engulfs you!
* * * LOW HITPOINT WARNING * * *
You are too berserk!
You feel a strong urge to attack something.
Ijyb zaps a wand.
The mass of ice explodes!
The iceblast engulfs you!
* * * LOW HITPOINT WARNING * * *
Okay, then.
You barely miss Ijyb. Ijyb hits you but does no damage.
You hit Ijyb but do no damage. Ijyb closely misses you.
You barely miss Ijyb. You hit Ijyb but do no damage.
Ijyb hits you with a +0 dagger.
* * * LOW HITPOINT WARNING * * *
You barely miss Ijyb. Ijyb barely misses you.
You barely miss Ijyb. Ijyb hits you with a +0 dagger.
* * * LOW HITPOINT WARNING * * *
You closely miss Ijyb.
Unknown command.
You hit Ijyb.
Ijyb is lightly wounded.
Ijyb hits you with a +0 dagger.
You die...

........'...#
.......##...#
.......##...########
.......##...........
.......##....#######.##
.......##..............
.......##........##.##
......^##......#.#
.......##.....##@#
.......###......g#
.....[.# #.#..##.#
.......# #.#..####
######## #.#..# ######
.....# ..##.# #.##.#


You could see Ijyb.

Vanquished Creatures
  2 adders
  2 dart slugs
  3 endoplasms
  2 giant cockroaches (D:3)
  4 goblins
  5 hobgoblins
  4 jackals (D:2)
  2 quokkas (D:3)
  5 ball pythons
  5 bats
  4 frilled lizards
  6 kobolds
  4 rats
48 creatures vanquished.

Notes
Turn   | Place    | Note
-------+----------+-------------------------------------------
     0 | D:1      | Htamos the Human Conjurer began the quest for the Orb.
     0 | D:1      | Reached XP level 1. HP: 13/13 MP: 3/3
   334 | D:1      | Reached XP level 2. HP: 5/19 MP: 3/5
  1419 | D:2      | Found a broken altar of Ashenzari.
  1495 | D:2      | Reached XP level 3. HP: 24/24 MP: 3/6
  1579 | D:2      | Found Wakkyut's Antique Armour Emporium.
  1617 | D:2      | Found a faded altar of an unknown god.
  1705 | D:2      | Prayed at the altar of an unknown god.
  1705 | D:2      | Became a worshipper of Ignis, the Dying Flame
  2083 | D:2      | Reached skill level 1 in Fighting
  2439 | D:2      | Reached XP level 4. HP: 32/32 MP: 4/7
  2444 | D:2      | Learned a level 4 spell: Fulminant Prism
  3590 | D:3      | Noticed Ijyb
  3600 | D:3      | HP: 1/48 [Ijyb (2)]
  3602 | D:3      | Slain by Ijyb

Illustrated notes

Levels and vault maps discovered:
D:1:      minmay_arrival_three_doors, layout_loops_cross
D:2:      layout_loops_corners, serial_shops, nicolae_square_shop, basic_altar,
          shapermc_ecumenical_altar_notcrosses
D:3:      layout_basic, minivault_27, uniq_ijyb

Skill      XL: |  1  2  3 |
---------------+----------+-----
Fighting       | 1 |  1.5
Dodging        | |  2.6
Stealth        | |  2.3
Spellcasting   | |  2.5
Conjurations   | |  4.4

Action                   |  1- 3 |  4- 6 || total
-------------------------+-------+-------++-------
Melee: Hand axe          |    11 |       ||    11
       Short sword       |     3 |       ||     3
       Whip              |    29 |    21 ||    50
 Cast: Magic Dart        |    60 |    25 ||    85
  Use: Scroll            |       |     1 ||     1
       Potion            |       |     1 ||     1
 Stab: Sleeping          |     1 |       ||     1
Armor: Robe              |    16 |       ||    16
       Scale mail        |       |     5 ||     5
Dodge: Dodged            |    40 |     7 ||    47

Table legend: (Time is in decaauts)
 A = Elapsed time spent in this place.
 B = Non-inter-level travel time spent in this place.
 C = Inter-level travel time spent in this place.
 D = Time resting spent in this place.
 E = Time spent auto-exploring this place.
 F = Levels seen in this place.
 G = Mean time per level.
                   A        B        C        D        E       F      G
               +--------+--------+--------+--------+--------+-----+--------+
         Total |   3607 |   3483 |    124 |      0 |   3180 |   3 | 1202.3 |
       Dungeon |   3607 |   3483 |    124 |      0 |   3180 |   3 | 1202.3 |
               +--------+--------+--------+--------+--------+-----+--------+

Top non-repeatable levels by time:
     D:1: 1319 daAuts
     D:2: 1262 daAuts
     D:3: 1025 daAuts
